 Dungeon Crawl Stone Soup version 0.30.0-20-g3b4254fcbd (webtiles) character file.

Game seed: 4721446374320022863

579 RascalDebosk the Magician (level 7, -5/50 HPs)
             Began as a Djinni Hunter on June 3, 2023.
             Slain by Duvessa
             ... wielding a +0 rapier
              (13 damage)
             ... on level 4 of the Dungeon.
             The game lasted 00:26:11 (2783 turns).

RascalDebosk the Magician (Djinni Hunter)           Turns: 2783, Time: 00:26:12

Health: -5/50      AC:  5    Str: 16    XL:     7   Next: 63%
Gold:   261        EV: 12    Int: 12    God:
                   SH:  0    Dex: 17

rFire   + + .        b - +0 shortbow
rCold   x . .        (shield currently unavailable)
rNeg    + . .        s - +0 troll leather armour {Pargi}
rPois   ∞            (no helmet)
rElec   .            (no cloak)
rCorr   .            c - +0 pair of gloves
SInv    .            (boots unavailable)
Will    .....        e - amulet of regeneration
Stlth   ++           j - +6 ring of strength
HPRegen 1.88/turn    t - ring of positive energy
MPRegen 0.00/turn

%: infuse magic (-6 HP)
@: wereblooded, flying, very slightly contaminated
A: sickness immunity, fire resistance 2, cold vulnerability 1, float, innate
caster, HP casting, extra vitality 1
a: no special abilities


You were on level 4 of the Dungeon.
You visited 1 branch of the dungeon, and saw 4 of its levels.
You also visited: Sewer.

You collected 261 gold pieces.

Inventory:

Hand Weapons
 b - a +0 shortbow (weapon)
Armour
 c - a +0 pair of gloves (worn)
 s - a +0 troll leather armour (worn) {Pargi}
Jewellery
 e - an amulet of regeneration (around neck)
 j - a +6 ring of strength (left hand)
 t - a ring of positive energy (right hand)
Scrolls
 a - 7 scrolls of immolation
 f - a scroll of fog {unknown}
 i - 2 scrolls of teleportation {unknown}
 l - 4 scrolls of identify {unknown}
 m - 2 scrolls of vulnerability {unknown}
 o - a scroll of magic mapping {unknown}
 p - 3 scrolls of fear {unknown}
Potions
 d - a potion of heal wounds {unknown}
 g - 2 potions of curing {unknown}
 h - a potion of flight {unknown}
 k - a potion of berserk rage {unknown}
 n - a potion of lignification {unknown}
 q - a potion of mutation {unknown}
 r - a potion of might {unknown}


   Skills:
 + Level 3.0 Fighting
 + Level 3.8 Ranged Weapons
 + Level 2.1 Armour
 - Level 2.1 Dodging
 - Level 0.7 Stealth
 * Level 4.7 Spellcasting


You knew the following spells:

 Your Spells              Type           Power      Damage    Failure   Level
a - Shock                 Conj/Air       56%        1d6       3%          1
b - Ensorcelled Hibernat  Hex/Ice        28%        N/A       5%          2
c - Wereblood             Tmut           14%        N/A       5%          2
Your spell library was empty.

Dungeon Overview and Level Annotations

Branches:
Dungeon (4/15)              Sewer (visited)
 Temple: D:4-7

Altars:

Shops:
D:2 :

Annotations:
D:4 Dowan, Duvessa


Innate Abilities, Weirdness & Mutations

You are immune to sickness and miasma.
You are immune to poison.
Your flesh is very heat resistant. (rF++)
You are vulnerable to cold. (rC-)
You float through the air rather than walking.
You learn spells naturally, not from books.
Your magical power is your life essence.
You have superior vitality. (+4 MHP)


Message History

Aim: Dowan, wielding a +0 dagger and wearing a +2 robe of positive energy (lightly wounded, chance to affect: 48%) Duvessa is unaffected.
Duvessa misses you.
Unknown command.
Casting: Ensorcelled Hibernation (safe; 5% risk of failure)
Confirm with . or Enter, or press ? or * to list all spells.
Aiming: Ensorcelled Hibernation (safe; 5% risk of failure)
Press: ? - help, Shift-Dir - straight line, f/p - Dowan
Aim: Dowan, wielding a +0 dagger and wearing a +2 robe of positive energy (lightly wounded, chance to affect: 48%) Duvessa is unaffected.
Dowan casts a spell.
Dowan blinks!
Duvessa closely misses you.
Casting: Ensorcelled Hibernation (safe; 5% risk of failure)
Confirm with . or Enter, or press ? or * to list all spells.
Aiming: Shock (safe; 3% risk of failure)
Press: ? - help, Shift-Dir - straight line, f - Duvessa
Aim: Duvessa, wielding a +0 rapier and wearing a +0 ring mail of cold resistance (lightly wounded, 79% to hit)
Okay, then.
Casting: Shock (safe; 3% risk of failure)
Confirm with . or Enter, or press ? or * to list all spells.
Aiming: Ensorcelled Hibernation (safe; 5% risk of failure)
Press: ? - help, Shift-Dir - straight line, f - Duvessa
Aim: Duvessa, wielding a +0 rapier and wearing a +0 ring mail of cold resistance (lightly wounded, not susceptible)
Okay, then.
Casting: Ensorcelled Hibernation (safe; 5% risk of failure)
Confirm with . or Enter, or press ? or * to list all spells.
Aiming: Shock (safe; 3% risk of failure)
Press: ? - help, Shift-Dir - straight line, f - Duvessa
Aim: Duvessa, wielding a +0 rapier and wearing a +0 ring mail of cold resistance (lightly wounded, 79% to hit)
The zap misses Duvessa.
Duvessa hits you with a +0 rapier!
* * * LOW HITPOINT WARNING * * *
Casting: Shock (safe; 3% risk of failure)
Confirm with . or Enter, or press ? or * to list all spells.
Aiming: Shock (safe; 3% risk of failure)
Press: ? - help, Shift-Dir - straight line, f/p - Duvessa
Aim: Duvessa, wielding a +0 rapier and wearing a +0 ring mail of cold resistance (lightly wounded, 79% to hit)
The zap hits Duvessa.
Duvessa is lightly wounded.
* * * LOW HITPOINT WARNING * * *
Duvessa says, "Where magic fails, the sword succeeds!"
Duvessa hits you but does no damage.
Casting: Shock (safe; 3% risk of failure)
Confirm with . or Enter, or press ? or * to list all spells.
Aiming: Shock (safe; 3% risk of failure)
Press: ? - help, Shift-Dir - straight line, f/p - Duvessa
Aim: Duvessa, wielding a +0 rapier and wearing a +0 ring mail of cold resistance (lightly wounded, 79% to hit)
You miscast Shock.
You are very lightly contaminated with residual magic.
Nothing appears to happen.
* * * LOW HITPOINT WARNING * * *
Duvessa hits you with a +0 rapier.
* * * LOW HITPOINT WARNING * * *
Casting: Shock (safe; 3% risk of failure)
Confirm with . or Enter, or press ? or * to list all spells.
Aiming: Shock (safe; 3% risk of failure)
Press: ? - help, Shift-Dir - straight line, f - Dowan, p - Duvessa
Aim: Dowan, wielding a +0 dagger and wearing a +2 robe of positive energy (lightly wounded, 60% to hit)
The zap hits Duvessa but does no damage.
Duvessa is lightly wounded.
The zap misses Dowan.
The zap hits Dowan but does no damage.
Dowan is lightly wounded.
* * * LOW HITPOINT WARNING * * *
Duvessa hits you with a +0 rapier.
* * * LOW HITPOINT WARNING * * *
Casting: Shock (safe; 3% risk of failure)
Confirm with . or Enter, or press ? or * to list all spells.
Aiming: Shock (safe; 3% risk of failure)
Press: ? - help, Shift-Dir - straight line, f/p - Dowan
Aim: Dowan, wielding a +0 dagger and wearing a +2 robe of positive energy (lightly wounded, 60% to hit)
The zap hits Duvessa.
Duvessa is moderately wounded.
The zap hits Dowan.
Dowan is moderately wounded.
* * * LOW HITPOINT WARNING * * *
Duvessa hits you with a +0 rapier!
* * * LOW HITPOINT WARNING * * *
Casting: Shock (safe; 3% risk of failure)
Confirm with . or Enter, or press ? or * to list all spells.
Aiming: Shock (safe; 3% risk of failure)
Press: ? - help, Shift-Dir - straight line, f/p - Dowan
Aim: Dowan, wielding a +0 dagger and wearing a +2 robe of positive energy (moderately wounded, 60% to hit)
The zap hits Duvessa.
Duvessa is moderately wounded.
The zap hits Dowan.
Dowan is moderately wounded.
* * * LOW HITPOINT WARNING * * *
Duvessa closely misses you.
Casting: Shock (safe; 3% risk of failure)
Confirm with . or Enter, or press ? or * to list all spells.
Aiming: Shock (safe; 3% risk of failure)
Press: ? - help, Shift-Dir - straight line, f/p - Dowan
Aim: Dowan, wielding a +0 dagger and wearing a +2 robe of positive energy (moderately wounded, 60% to hit)
The zap hits Duvessa.
Duvessa is moderately wounded.
The zap hits Dowan.
Dowan is moderately wounded.
* * * LOW HITPOINT WARNING * * *
Duvessa hits you with a +0 rapier.
* * * LOW HITPOINT WARNING * * *
Duvessa attacks as you move away! Duvessa hits you with a +0 rapier!
You die...

### #.. #.# #.# #.# ..
#'####### ####### #.
#.@e.e'.# ....... #.
#.###.#..# ####### #.
#.# #.#§.#
.#.###.###.#e.#
#########.#.#.'.....#e.#
........#.#.#.#####+####
.......................
...###....).###.#######
.#.# #......# #.#


You could see Duvessa and Dowan.

Vanquished Creatures
  Pargi (Sewer)
  A phantom (D:4)
  Blork the orc (D:4)
  A hound (D:4)
  3 orc priests
  2 orc wizards
  7 adders
  A river rat (D:3)
  3 worms
  4 dart slugs
  9 orcs
  8 ball pythons
  4 endoplasms
  6 giant cockroaches
  7 goblins
  5 hobgoblins
  A jackal (D:1)
  2 quokkas (D:1)
  2 bats
  3 frilled lizards
  9 kobolds
  11 rats
91 creatures vanquished.

Notes
Turn   | Place    | Note
-------+----------+-------------------------------------------
     0 | D:1      | RascalDebosk the Djinni Hunter began the quest for the Orb.
     0 | D:1      | Reached XP level 1. HP: 18/18 MP: 0/0
   194 | D:1      | Reached skill level 1 in Spellcasting
   194 | D:1      | Reached XP level 2. HP: 23/23 MP: 0/0
   598 | D:1      | Reached XP level 3. HP: 28/28 MP: 0/0
   598 | D:1      | Learned a level 1 spell: Shock
   859 | D:2      | Reached skill level 2 in Spellcasting
   861 | D:2      | Found Zeisume's Book Boutique.
   861 | D:2      | Noticed a walking divine tome
   866 | D:2      | Noticed a walking frostbound tome
  1313 | D:2      | Reached XP level 4. HP: 33/33 MP: 0/0
  1598 | D:3      | Identified the staff of earth "Ruawiad" {rC- rN++}
  1695 | D:3      | Reached skill level 3 in Spellcasting
  1724 | D:3      | Reached XP level 5. HP: 34/38 MP: 0/0
  1724 | D:3      | Learned a level 2 spell: Ensorcelled Hibernation
  1735 | D:3      | Found a glowing drain.
  1753 | Sewer    | Entered a sewer
  1830 | Sewer    | Noticed Pargi
  1887 | Sewer    | Killed Pargi
  1888 | Sewer    | Reached skill level 4 in Spellcasting
  1888 | Sewer    | Reached XP level 6. HP: 43/43 MP: 0/0
  2001 | D:3      | Reached skill level 1 in Armour
  2515 | D:4      | Identified the +3 pair of boots of the Baker {-Tele rCorr
                  | Str+9 Dex-5}
  2552 | D:4      | Reached XP level 7. HP: 15/49 MP: 0/0
  2552 | D:4      | Learned a level 2 spell: Wereblood
  2632 | D:4      | Noticed Blork the orc
  2658 | D:4      | Killed Blork the orc
  2764 | D:4      | Noticed Duvessa
  2764 | D:4      | Noticed Dowan
  2783 | D:4      | Slain by Duvessa

Illustrated notes

Levels and vault maps discovered:
D:1:      saegor_arrival_fortress, layout_basic, hangedman_feature_mirror
D:2:      layout_loops_ring, serial_shops, nicolae_shop_mannequins
D:3:      layout_rooms, lightli_sewer_entry_pipes, grunt_ministairs_2,
          hex_medium, minivault_14
D:4:      layout_basic, old_standard_altar, minmay_misc_feat_encased,
          uniq_blork_the_orc, uniq_ijyb, uniq_duvessa

Skill      XL: |  1  2  3  4  5  6  7 |
---------------+----------------------+-----
Spellcasting   | 1 2 3 4 |  4.7
Armour         | 1 2 |  2.1
Fighting       | 3 |  3.0
Ranged Weapons | |  3.8
Dodging        | |  2.1
Stealth        | |  0.7

Action                     |  1- 3 |  4- 6 |  7- 9 || total
---------------------------+-------+-------+-------++-------
   Fire: Shortbow          |    55 |   133 |    14 ||   202
   Cast: Shock             |       |   112 |    43 ||   155
         Ensorcelled Hiber |       |     3 |     6 ||     9
         Wereblood         |       |       |     4 ||     4
 Armour: Leather armour    |     4 |    23 |       ||    27
         Troll leather arm |       |    24 |     3 ||    27
  Dodge: Dodged            |     4 |   106 |    25 ||   135
